 Dungeon Crawl Stone Soup version 0.30-a0-304-gdc4b735fe1 (webtiles) character file.

Game seed: 6124690453026515844

53 byup the Ruffian (level 3, -9/33 HPs)
             Began as a Ghoul Monk on Oct 21, 2022.
             Mangled by Crazy Yiuf
             ... wielding a +3 quarterstaff of chaos
              (19 damage)
             ... on level 2 of the Dungeon.
             The game lasted 00:06:53 (1743 turns).

byup the Ruffian (Ghoul Monk)                       Turns: 1743, Time: 00:06:53

Health: -9/33      AC: 10    Str: 14    XL:     3   Next: 87%
Magic:  2/2        EV: 17    Int:  5    God:
Gold:   114        SH:  0    Dex: 13    Spells: 2/2 levels left

rFire   . . .      SeeInvis .    b - +1 dagger (protect)
rCold   + . .      Faith    .    (no shield)
rNeg    + + +      Spirit   .    a - +0 robe
rPois   ∞          Reflect  .    (no helmet)
rElec   .          Harm     .    (no cloak)
rCorr   .          Rampage  .    (no gloves)
Will    .....                    j - +0 pair of boots
Stlth   ++........               (no amulet)
HPRegen 0.00/turn                i - +4 ring of evasion
MPRegen 0.08/turn                (no ring)

@: under a protective aura, inhibited regen
A: claws 1, cold resistance 1, negative energy resistance 3, inhibited
regeneration, torment resistance 2, devour on kill
a: no special abilities


You were on level 2 of the Dungeon.
You visited 1 branch of the dungeon, and saw 2 of its levels.

You collected 114 gold pieces.

Inventory:

Hand Weapons
 b - a +1 dagger of protection (weapon)
Armour
 a - a +0 robe (worn)
 j - a +0 pair of boots (worn)
Jewellery
 i - a +4 ring of evasion (left claw)
Scrolls
 c - a scroll of enchant armour {unknown}
 d - 3 scrolls of acquirement {unknown}
 e - 6 scrolls of identify {unknown}
 g - 2 scrolls of immolation {unknown}
 h - a scroll of torment {unknown}
 k - a scroll of vulnerability {unknown}
 l - a scroll of poison {unknown}
 m - a scroll of summoning {unknown}
 n - a scroll of noise {unknown}
Potions
 f - a potion of might {unknown}
 o - a potion of invisibility {unknown}
 p - a potion of curing {unknown}


   Skills:
 + Level 3.6 Fighting
 + Level 3.4 Dodging
 + Level 2.5 Stealth
 + Level 3.9 Unarmed Combat


You had 2 spell levels left.
You didn't know any spells.
Your spell library was empty.

Dungeon Overview and Level Annotations

Branches:
Dungeon (2/15)

Altars:

Annotations:
D:2 Crazy Yiuf


Innate Abilities, Weirdness & Mutations

You are immune to poison.
You have sharp fingernails.
Your flesh is cold resistant. (rC+)
You are immune to negative energy. (rN+++)
You do not regenerate when monsters are visible.
You are immune to unholy pain and torment.
You thrive by killing the living.


Message History

You feel better.
Things that are here:
a +0 dagger; a +0 sling
e - 5 scrolls labelled XAIGOE NOSUUX (gained 1)
Things that are here:
a +0 dagger; a +0 sling
Found a stone staircase leading down.
e - 6 scrolls labelled XAIGOE NOSUUX (gained 1)
p - an orange potion You now have 106 gold pieces (gained 17).
You now have 114 gold pieces (gained 8).
Found a hammer.
Found a runed translucent door.
You open the door.
There is an open translucent door here.
Crazy Yiuf shouts!
Crazy Yiuf says, "Snower illywillydillykilly King!"
You hit Crazy Yiuf but do no damage.
Your weapon exudes an aura of protection.
Crazy Yiuf barely misses you.
You barely miss Crazy Yiuf.
Crazy Yiuf hits you with a +3 quarterstaff of chaos.
You hit Crazy Yiuf.
Crazy Yiuf is lightly wounded.
Crazy Yiuf hits you with a +3 quarterstaff of chaos!
Crazy Yiuf freezes you.
You completely miss Crazy Yiuf.
Crazy Yiuf is lightly wounded.
Crazy Yiuf completely misses you.
You hit Crazy Yiuf but do no damage.
Crazy Yiuf is lightly wounded.
Crazy Yiuf completely misses you.
You hit Crazy Yiuf. You claw Crazy Yiuf.
Crazy Yiuf is moderately wounded.
Crazy Yiuf closely misses you.
You hit Crazy Yiuf.
Crazy Yiuf is heavily wounded.
Crazy Yiuf hits you with a +3 quarterstaff of chaos!
You convulse!!
Ouch! That really hurt!
You die...

####♣♣ ##### #####.+.P♣♣
♣♣#..)#
..........♣♣♣♣.'@g.#
....#......♣..♣#...#
......+.P.♣.♣♣♣#####
....####♣♣♣♣♣ ....###
......# ##### ####
##########.>.### <.#####
.....†.........###.....#
#######....###.........#


You could see Crazy Yiuf.

Vanquished Creatures
  An adder (D:2)
  A dart slug (D:1)
  4 ball pythons
  2 endoplasms (D:2)
  2 giant cockroaches
  5 goblins
  7 hobgoblins (D:1)
  2 quokkas
  5 bats
  3 frilled lizards (D:1)
  3 kobolds (D:1)
  3 rats (D:2)
38 creatures vanquished.

Notes
Turn   | Place    | Note
-------+----------+-------------------------------------------
     0 | D:1      | byup the Ghoul Monk began the quest for the Orb.
     0 | D:1      | Reached XP level 1. HP: 19/19 MP: 0/0
   234 | D:1      | Reached XP level 2. HP: 10/26 MP: 1/1
   766 | D:1      | Reached XP level 3. HP: 25/31 MP: 2/2
  1262 | D:2      | Found a faded altar of an unknown god.
  1730 | D:2      | Found a runed translucent door.
  1731 | D:2      | Noticed Crazy Yiuf
  1743 | D:2      | Mangled by Crazy Yiuf

Illustrated notes

Levels and vault maps discovered:
D:1:      wander_arrival_estate, layout_basic, nrook_mini_vaults,
          chequers_serial_rivers_micro_e, amcnicky_mini_pool_small,
          chequers_serial_rivers_micro_e
D:2:      layout_rooms, chequers_ecumenical_altar_simple_redux,
          uniq_crazy_yiuf_cottage

Skill      XL: |  1 |
---------------+----+-----
Dodging        | 3 |  3.4
Fighting       | |  3.6
Stealth        | |  2.5
Unarmed Combat | |  3.9

Action                   || total
-------------------------++-------
Melee: Unarmed           ||   110
       Punch             ||     5
       Dagger            ||    53
  Use: Potion            ||     1
 Stab: Sleeping          ||     5
Armor: Robe              ||    38
Dodge: Dodged            ||   141

Table legend: (Time is in decaauts)
 A = Elapsed time spent in this place.
 B = Non-inter-level travel time spent in this place.
 C = Inter-level travel time spent in this place.
 D = Time resting spent in this place.
 E = Time spent auto-exploring this place.
 F = Levels seen in this place.
 G = Mean time per level.
                   A        B        C        D        E       F      G
               +--------+--------+--------+--------+--------+-----+--------+
         Total |   1738 |   1738 |      0 |      0 |    550 |   2 |  869.0 |
       Dungeon |   1738 |   1738 |      0 |      0 |    550 |   2 |  869.0 |
               +--------+--------+--------+--------+--------+-----+--------+

Top non-repeatable levels by time:
     D:1: 1115 daAuts
     D:2: 622 daAuts
